 Dungeon Crawl Stone Soup version 0.28-a0-503-g83f2989fac (webtiles) character file.

Game seed: 17104064301615476863

3231 heikuro the Cleaver (level 9, -9/79 HPs)
             Began as a Minotaur Berserker on Sept 21, 2021.
             Was an Elder of Trog.
             Mangled by an ogre (19 damage)
             ... on level 7 of the Dungeon.
             The game lasted 00:13:06 (7386 turns).

heikuro the Cleaver (Minotaur Berserker)            Turns: 7386, Time: 00:13:07

Health: -9/79      AC: 16    Str: 28    XL:     9   Next: 66%
Magic:  8/8        EV: 11    Int:  4    God:    Trog [****..]
Gold:   211        SH:  4    Dex: 11    Spells: 8/8 levels left

rFire   . . .      SeeInvis .   B - +9 dagger of the Spectre {elec, Contam rElec Str+4 Stlth+}
rCold   . . .      Faith    .   s - +0 buckler
rNeg    . . .      Spirit   .   E - +0 chain mail
rPois   .          Reflect  .   (helmet restricted)
rElec   +          Harm     .   D - +0 cloak
rCorr   .          Rampage  .   C - +0 pair of gloves
Will    .....                   d - +2 pair of boots
Stlth   ..........              (no amulet)
HPRegen 0.23/turn               (no ring)
MPRegen 0.11/turn               (no ring)

@: on berserk cooldown, slowed, very slow
A: horns 2, retaliatory headbutt
a: Renounce Religion, Berserk, Trog's Hand, Brothers in Arms


You were on level 7 of the Dungeon.
You worshipped Trog.
Trog was greatly pleased with you.
You visited 2 branches of the dungeon, and saw 8 of its levels.

You collected 211 gold pieces.

Inventory:

Hand Weapons
 a - a +0 hand axe
 B - the +9 dagger of the Spectre (weapon) {elec, Contam rElec Str+4 Stlth+}
   (You took it off an orc wizard on level 5 of the Dungeon)

   It occasionally discharges a powerful burst of electricity upon striking a
   foe.
   Str:       It affects your strength (+4).
   rElec:     It insulates you from electricity.
   Contam:    It causes magical contamination when unequipped.
   Stlth:     It makes you more stealthy.
Missiles
 e - 19 poisoned darts
 k - 5 boomerangs of dispersal (quivered)
 m - a throwing net
 G - a curare-tipped dart
Armour
 d - a +2 pair of boots (worn)
 s - a +0 buckler (worn)
 C - a +0 pair of gloves (worn)
 D - a +0 cloak (worn)
 E - a +0 chain mail (worn)
Jewellery
 t - a ring of ice
Wands
 j - a wand of acid (6)
 o - a wand of flame (12)
 v - a wand of paralysis (6)
Scrolls
 b - 2 scrolls of identify
 f - 2 scrolls of vulnerability {unknown}
 g - a scroll of torment {unknown}
 h - a scroll of immolation {unknown}
 n - 2 scrolls of teleportation {unknown}
 p - 2 scrolls of magic mapping {unknown}
 u - a scroll of amnesia {unknown}
 w - a scroll of fog {unknown}
 x - a scroll of enchant weapon {unknown}
 y - a scroll of enchant armour {unknown}
 F - a scroll of acquirement {unknown}
Potions
 c - 5 potions of attraction
 i - 3 potions of curing
 l - a potion of cancellation {unknown}
 q - a potion of flight {unknown}
 r - 2 potions of heal wounds
 z - a potion of invisibility {unknown}
 A - a potion of lignification {unknown}


   Skills:
 + Level 7.5 Fighting
 + Level 4.3 Short Blades
 * Level 10.2 Axes
 + Level 7.2 Armour
 + Level 6.4 Dodging
 - Level 4.0 Shields


You had 8 spell levels left.
You didn't know any spells.
Your spell library was empty.

Dungeon Overview and Level Annotations

Branches:
Dungeon (7/15)             Temple (1/1) D:5

Altars:
Ashenzari
Cheibriados
Dithmenos
Elyvilon
Fedhas
Gozag
Hepliaklqana
Kikubaaqudgha
Makhleb
Okawaru
Qazlal
Sif Muna
Trog
Uskayaw
Vehumet
Wu Jian
Xom
Zin
The Shining One

Shops:
D:1 *


Innate Abilities, Weirdness & Mutations

You have a pair of horns on your head.
You reflexively headbutt those who attack you in melee.


Message History

* * * LOW HITPOINT WARNING * * *
The centaur barely misses you.
You completely miss Pikel.
Pikel is moderately wounded.
Pikel hits you but does no damage.
The centaur hits you but does no damage.
The centaur closely misses you.
Unknown command.
A red film seems to cover your vision as you go berserk!
You feel yourself moving faster!
You feel mighty! The centaur closely misses you. You furiously retaliate!
You headbutt the centaur! The centaur kicks you.
* * * LOW HITPOINT WARNING * * *
You block Pikel's attack.
You puncture Pikel! You headbutt Pikel!
Pikel is severely wounded.
The centaur barely misses you. You furiously retaliate!
You headbutt the centaur!
You kill the centaur!
Trog accepts your kill. Pikel hits you but does no damage.
Your life force feels restored.
You puncture Pikel! Lightning courses through Pikel!
You kill Pikel!
Trog accepts your kill.
With Pikel's spell broken, his former minions thank you for their freedom.
The lemure departs this earthly plane. x2
Your Short Blades skill increases to level 4!
Your Axes skill increases to level 10!
Your Armour skill increases to level 7!
You swing at nothing.
You feel a strong urge to attack something.
You are no longer berserk.
You are exhausted.
You feel yourself slow down.
An ogre comes into view. It is wielding a +0 giant spiked club.
Found a throwing net.
The ogre shouts!
You barely miss the ogre.
The ogre hits you with a +0 giant spiked club!!
You die...

##....#.#.#.#.#......
##..###..............
#####..###...............
#..#....##......#.#...#
##......§§§).##...##...
### #........##.##
....#.##5..5##.##
#......5..##.#
...#...c..##@##
.........#.##.O(#
#.#......#.##÷☼.#
...........##÷..#
#...#..#...###### .
..#....#$... .. _
K.#..#...## #.. .#....
.... .... ### .....#.[


You could see an ogre.

Vanquished Creatures
  Pikel (D:7)
  Sigmund (D:3)
  2 steam dragons
  A wyvern (D:7)
  A water moccasin (D:7)
  2 sky beasts
  An ice beast (D:6)
  An orc warrior (D:6)
  A necrophage (D:5)
  2 ogres (D:6)
  A lemure (D:7)
  A centaur (D:7)
  A kobold brigand (D:7)
  A wyvern zombie (D:7)
  A scorpion (D:5)
  2 water moccasin zombies
  A water moccasin skeleton (D:5)
  4 killer bees (D:6)
  A wight (D:7)
  2 jellies
  A howler monkey (D:3)
  A bullfrog zombie (D:6)
  A centaur zombie (D:7)
  3 hounds
  3 orc priests
  Crazy Yiuf (D:5)
  A centaur skeleton (D:7)
  Jessica (D:2)
  Terence (D:2)
  2 iguanas
  Natasha (thrice) (D:2)
  4 orc wizards
  A hound zombie (D:5)
  A mummy (D:4)
  2 adders (D:6)
  A white imp (D:5)
  An ufetubus (D:6)
  4 worms (D:3)
  A dart slug (D:3)
  13 orcs
  6 ball pythons
  5 bats
  10 endoplasms
  6 giant cockroaches
  7 goblins
  7 hobgoblins
  9 jackals
  5 kobolds
  5 quokkas
  A frilled lizard (D:2)
  A kobold zombie (D:7)
  7 rats
143 creatures vanquished.

Notes
Turn   | Place    | Note
-------+----------+-------------------------------------------
     0 | D:1      | heikuro the Minotaur Berserker began the quest for the Orb.
     0 | D:1      | Reached XP level 1. HP: 19/19 MP: 0/0
   284 | D:1      | Found a faded altar of an unknown god.
   436 | D:1      | Reached XP level 2. HP: 27/27 MP: 1/1
   541 | D:1      | Reached skill level 4 in Axes
   581 | D:1      | You fall into a shaft and drop 1 floor!
   663 | D:2      | Noticed Terence
   666 | D:2      | Killed Terence
   667 | D:2      | Reached XP level 3. HP: 33/33 MP: 2/2
   949 | D:1      | Reached ** piety under Trog
  1195 | D:1      | Found Cuegigab's General Store.
  1575 | D:2      | Noticed Natasha
  1590 | D:2      | Killed Natasha
  1591 | D:2      | Reached XP level 4. HP: 28/40 MP: 3/3
  1628 | D:2      | Noticed Natasha
  1636 | D:2      | Killed Natasha
  1637 | D:2      | Reached skill level 5 in Axes
  1899 | D:2      | Noticed Jessica
  1904 | D:2      | Killed Jessica
  1905 | D:2      | Reached XP level 5. HP: 47/47 MP: 4/4
  2253 | D:2      | Noticed Natasha
  2259 | D:2      | Killed Natasha
  2740 | D:3      | Reached skill level 1 in Shields
  2803 | D:3      | Noticed Sigmund
  2814 | D:3      | Killed Sigmund
  2814 | D:3      | Reached *** piety under Trog
  2815 | D:3      | Reached skill level 6 in Axes
  2815 | D:3      | Reached XP level 6. HP: 55/55 MP: 5/5
  3316 | D:4      | HP: 2/55 [acid (10)]
  3318 | D:4      | Reached skill level 5 in Fighting
  3876 | D:4      | Reached XP level 7. HP: 61/61 MP: 6/6
  4422 | D:4      | Found a snail-covered altar of Cheibriados.
  4824 | D:5      | Entered Level 5 of the Dungeon
  4834 | D:5      | Found a staircase to the Ecumenical Temple.
  4844 | Temple   | Entered the Ecumenical Temple
  5171 | D:5      | Found a glowing silver altar of Zin.
  5172 | D:5      | Noticed an angel
  5227 | D:5      | Found a blossoming altar of Fedhas.
  5549 | D:5      | Found a runed translucent door.
  5550 | D:5      | Noticed Crazy Yiuf
  5819 | D:5      | Identified the +9 dagger of the Spectre {elec, Contam rElec
                  | Str+4 Stlth+}
  5828 | D:5      | Reached skill level 7 in Axes
  5828 | D:5      | Found a bloodstained altar of Trog.
  6137 | D:5      | Found a shimmering altar of Xom.
  6138 | D:5      | Found a hazy altar of Hepliaklqana.
  6142 | D:5      | Reached skill level 5 in Armour
  6149 | D:5      | Noticed a spectral ugly thing
  6223 | D:5      | Found an iron altar of Okawaru.
  6360 | D:5      | Killed Crazy Yiuf
  6467 | D:6      | Noticed a steam dragon
  6473 | D:6      | Reached XP level 8. HP: 70/70 MP: 7/7
  6476 | D:6      | Reached skill level 1 in Short Blades
  6574 | D:6      | Reached **** piety under Trog
  6575 | D:6      | Reached skill level 8 in Axes
  6575 | D:6      | Reached skill level 5 in Dodging
  6924 | D:6      | Found a glowing golden altar of the Shining One.
  7022 | D:6      | Found a white marble altar of Elyvilon.
  7043 | D:6      | Reached skill level 9 in Axes
  7143 | D:7      | Reached XP level 9. HP: 78/78 MP: 8/8
  7221 | D:7      | Found a sand-covered staircase.
  7357 | D:7      | Found a radiant altar of Vehumet.
  7357 | D:7      | Noticed Pikel
  7381 | D:7      | Killed Pikel
  7382 | D:7      | Reached skill level 10 in Axes
  7386 | D:7      | Mangled by an ogre

Illustrated notes

Levels and vault maps discovered:
D:1:      amcnicky_arrival_flooded_fountain, layout_basic, serial_shops,
          nicolae_lakefront_shop, dilly_ecumenical_altar_fadedgnrine
D:2:      layout_loops_corners, nrook_mini_vaults, uniq_natasha, uniq_jessica,
          uniq_terence
D:3:      layout_basic, uniq_sigmund
D:4:      layout_basic, chei_slow_surprise, serial_rivers,
          chequers_serial_rivers_micro_d, chequers_serial_rivers_large_b,
          chequers_serial_rivers_small_a, chequers_serial_rivers_room_b,
          chequers_serial_rivers_marsh, wad_orctagon
D:5:      layout_loops_corners, trog_three_pillars_becter, kennysheep_mini_moat,
          nicolae_overflow_crystal_walls, regret_index_temple_of_mockery,
          zin_angel, minmay_temple_entry_slanted, minmay_stone_trees_medium,
          kennysheep_generic_room_8, uniq_crazy_yiuf_cottage
D:6:      layout_cave_pools, elyvilon_altar_5, tso_oasis_becter
D:7:      layout_cave_pools, nicolae_vehumet_radiance, enter_ossuary_3,
          grunt_ogre_cave, st_stairs_4, hangedman_decor_peaks_small, uniq_pikel
Temple:   compressed_dpeg_triangle_lava_temple

Skill      XL: |  1  2  3  4  5  6  7  8  9 |
---------------+----------------------------+-----
Axes           | 4 5 6 7 9 10 | 10.2
Fighting       | 4 5 6 7 |  7.5
Armour         | 3 4 5 6 7 |  7.2
Dodging        | 3 4 5 6 |  6.4
Shields        | 2 4 |  4.0
Short Blades   | 3 4 |  4.3

Action                   |  1- 3 |  4- 6 |  7- 9 || total
-------------------------+-------+-------+-------++-------
Melee: Hand axe          |    81 |   114 |    36 ||   231
       Headbutt          |     9 |    21 |    33 ||    63
       Dagger            |       |       |   115 ||   115
Invok: Berserk           |     1 |     5 |     8 ||    14
  Use: Scroll            |       |       |     6 ||     6
 Stab: Sleeping          |     1 |       |       ||     1
Armor: Animal skin       |     3 |       |       ||     3
       Ring mail         |     8 |       |       ||     8
       Scale mail        |    19 |    38 |    27 ||    84
       Chain mail        |       |       |    45 ||    45
Dodge: Dodged            |    53 |    53 |    69 ||   175
Block: Buckler           |       |    18 |    23 ||    41

Table legend: (Time is in decaauts)
 A = Elapsed time spent in this place.
 B = Non-inter-level travel time spent in this place.
 C = Inter-level travel time spent in this place.
 D = Time resting spent in this place.
 E = Time spent auto-exploring this place.
 F = Levels seen in this place.
 G = Mean time per level.
                   A        B        C        D        E       F      G
               +--------+--------+--------+--------+--------+-----+--------+
         Total |   7580 |   7108 |    472 |   1160 |   4040 |   8 |  947.5 |
       Dungeon |   7289 |   6839 |    450 |   1160 |   3782 |   7 | 1041.3 |
        Temple |    291 |    269 |     22 |      0 |    258 |   1 |  291.0 |
               +--------+--------+--------+--------+--------+-----+--------+

Top non-repeatable levels by time:
     D:4: 1786 daAuts
     D:5: 1435 daAuts
     D:1: 1254 daAuts
     D:2: 1188 daAuts
     D:3: 727 daAuts
     D:6: 646 daAuts
  Temple: 291 daAuts
     D:7: 250 daAuts
